Cogmind - Beta 14 @@@ ROGUE MODE // 2025.03.28 @ 20:50:06 Player: IA-Sg3M Result: Destroyed by X-77 Beamer with Gatling Laser Performance ------------- Evolutions (7) 3500 Regions Visited (27) 5400 Robots Destroyed (306) 1530 Value Destroyed (12430) 12430 Prototype IDs (43) 860 Alien Tech Used (0) 0 Bonus (8187) 8187 TOTAL SCORE: 31907 Bonus ------- High Alert Combat Kills 1065 Follower Combat Kills 1934 Entered Garrisons 400 Aligned with FarCom 300 Acquired ECA 300 Met Warlord at Base 500 MAIN.C Attacked Warlord 500 Warlord Defense Kills 556 Built Enhanced Grunts 300 A7 Reached Mainframe 300 Met R17 at Cetus 500 Met R17 at Research 2000 Friendly Fire -468 Cogmind --------- Core Integrity 0/1300 Matter 272/300 Energy 99/100 System Corruption 0% Temperature Cool (18) Movement Core (50) Location -3/Armory Parts ------- > --- POWER (2) -------- (None) > --- PROPULSION (5) --- (None) > --- UTILITY (12) ----- (None) > --- WEAPON (2) ------- (None) > --- INVENTORY (5) ---- Quantum Capacitor Advanced Drone Bay (0/2) Peak State ------------ > --- POWER ------------ Antimatter Reactor Particle Reactor > --- PROPULSION ------- Spiked Medium Treads Centrium Heavy Treads Biometal Leg > --- UTILITY ---------- Advanced Cooling System Humpback Experimental Optical Array Advanced Signal Interpreter 0b10 Decoder Chip [Scout] Advanced Targeting Computer Layered Heavy Armor Plating Centrium Medium Armor Plating Centrium Medium Armor Plating Experimental Thermal Shield > --- WEAPON ----------- Compact HERF Cannon Cooled Plasma Cannon > --- INVENTORY -------- Light Fission Core Quantum Reactor Quantum Reactor Huge Storage Unit Energy Well High-capacity Matter Pod Advanced Sensor Array Experimental Core Analyzer Improved Particle Charger Advanced Particle Charger Quantum Capacitor Hardened Heavy Armor Plating Makeshift Ablative Armor Improved Focal Shield Experimental Thermal Shield Improved Force Field Point Defense System Drone Bay Advanced Drone Bay Heavy Disruptor Cannon Cooled Plasma Cannon Advanced Plasma Cannon Heavy Phase Cannon Neutron Cannon Thermoblaster Makeshift Hammer [Rating: 145] Favorites ----------- Power Antimatter Reactor Engine Improved Deuterium Engine Power Core Micro Fission Core Reactor Antimatter Reactor Propulsion Armored Huge Wheel Treads Medium Treads Leg Biometal Leg Wheel Armored Huge Wheel Flight Unit Q-thruster Utility Hacking Suite Device Advanced Heat Sink Storage Humpback Processor Advanced Targeting Computer Hackware Hacking Suite Protection Centrium Medium Armor Plating Weapon Cooled Plasma Cannon Energy Gun EM Pulse Gun Energy Cannon Cooled Plasma Cannon Ballistic Gun Shotgun Ballistic Cannon Light Cannon Launcher Heavy Rocket Launcher Special Weapon Plasma Flamer Build | -11 -10 -10 -9 -9 -9 -8 -8 -7 -7 -7 -7 -7 -7 -7 -6 -5 -5 -5 -5 -5 -4 -4 -4 -4 -3 -3 -3 ------- Run | Yrd Mat Min Mat Min Exi Min Mat Fac Gar Fac Gar Fac Low Low Fac Fac Ext Cet Arc Hub Fac Upp Upp War Pro Res Arm Slots Evolved 14 | . . . 2 . . . 2 2 . . . . . . 2 2 . . . . 2 . . . . 2 . Power 1 | . . . . . . . . . . . . . . . . 1 . . . . . . . . . . . Propulsion 3 | . . . . . . . 1 . . . . . . . 1 . . . . . . . . . . 1 . Utility 10 | . . . 2 . . . 1 2 . . . . . . 1 1 . . . . 2 . . . . 1 . Weapon . | . . . . . . . . . . . . . . . . . . . . . . . . . . . . Parts Attached 400 | 2 8 3 10 9 3 4 38 7 40 47 23 4 14 4 55 17 17 11 1 4 9 8 3 19 11 22 7 Power 25 | . 1 . 1 1 . . 3 . 1 2 1 . 1 . 3 5 . 2 . 1 1 . . . . 2 . Engine 12 | . 1 . 1 1 . . 3 . 1 1 1 . . . 2 1 . . . . . . . . . . . Core 6 | . . . . . . . . . . 1 . . . . . 4 . 1 . . . . . . . . . Reactor 7 | . . . . . . . . . . . . . 1 . 1 . . 1 . 1 1 . . . . 2 . Propulsion 37 | . 2 . 2 1 . 1 4 . 2 3 2 . 1 . 8 . . 3 . . . . . 2 . 4 2 Treads 18 | . . . . 1 . . . . 2 1 1 . . . 4 . . 3 . . . . . 1 . 4 1 Leg 2 | . . . . . . . . . . . . . . . 1 . . . . . . . . 1 . . . Wheel 16 | . 2 . 2 . . 1 4 . . 2 1 . 1 . 3 . . . . . . . . . . . . Hover . | . . . . . . . . . . . . . . . . . . . . . . . . . . . . Flight 1 | . . . . . . . . . . . . . . . . . . . . . . . . . . . 1 Utility 155 | . 4 1 4 2 3 . 6 2 5 16 6 1 7 4 27 8 7 3 1 3 6 4 3 10 8 10 4 Device 72 | . 1 . 1 . . . . . 2 1 1 . 5 2 19 6 3 1 1 3 3 3 2 7 3 7 1 Storage 11 | . 2 . . . 2 . . . . 1 . . 1 1 2 . 1 . . . 1 . . . . . . Processor 18 | . . 1 3 . . . 2 . . 3 1 . . . . . . . . . . 1 . 2 . 2 3 Hackware 5 | . . . . . . . . 2 . . . 1 . . 2 . . . . . . . . . . . . Protection 49 | . 1 . . 2 1 . 4 . 3 11 4 . 1 1 4 2 3 2 . . 2 . 1 1 5 1 . Artifact . | . . . . . . . . . . . . . . . . . . . . . . . . . . . . Weapon 183 | 2 1 2 3 5 . 3 25 5 32 26 14 3 5 . 17 4 10 3 . . 2 4 . 7 3 6 1 Energy Gun 3 | . . . . . . . 2 . . . . . . . . . . 1 . . . . . . . . . Energy Cannon 111 | . . . . . . . 13 5 21 22 10 2 3 . 7 3 7 2 . . 1 2 . 5 2 5 1 Ballistic Gun 14 | 2 1 2 1 . . 1 . . . . . . . . 7 . . . . . . . . . . . . Ballistic Cannon 12 | . . . 2 3 . 2 2 . . 3 . . . . . . . . . . . . . . . . . Launcher 40 | . . . . 2 . . 8 . 8 1 4 1 2 . 3 1 3 . . . 1 2 . 2 1 1 . Special Weapon 3 | . . . . . . . . . 3 . . . . . . . . . . . . . . . . . . Impact Weapon . | . . . . . . . . . . . . . . . . . . . . . . . . . . . . Slashing Weapon . | . . . . . . . . . . . . . . . . . . . . . . . . . . . . Piercing Weapon . | . . . . . . . . . . . . . . . . . . . . . . . . . . . . Special Melee Weapon . | . . . . . . . . . . . . . . . . . . . . . . . . . . . . Unidentified Prototypes 17 | . . . . . . . 1 . . 1 . . . . 3 2 . 3 . 1 1 . . 1 . 3 1 Corrupted Parts 1 | . . . . . . . . . . . . . 1 . . . . . . . . . . . . . . System Corruption 3 | . . . . . . . . . . . . . 3 . . . . . . . . . . . . . . Parts Lost 52 | . . 3 4 5 . . 5 . 3 4 4 . 3 . 5 2 . . . . 4 1 . . 5 3 1 Power 6 | . . . 1 1 . . . . 1 1 1 . . . 1 . . . . . . . . . . . . Propulsion 8 | . . . 2 1 . . 2 . . . . . . . . . . . . . 1 . . . . 1 1 Utility 26 | . . 1 . 1 . . 2 . 2 3 1 . 2 . 4 2 . . . . 2 . . . 4 2 . Weapon 12 | . . 2 1 2 . . 1 . . . 2 . 1 . . . . . . . 1 1 . . 1 . . Highest Loss Streak 5 | . . 3 4 3 . . 1 . 2 1 2 . 3 . 2 1 . . . . 4 1 . . 5 3 1 To Critical Strikes . | . . . . . . . . . . . . . . . . . . . . . . . . . . . . Average Slot Usage (%) 82 | . 88 96 98 89 73 86 81 75 83 82 83 84 88 92 86 81 81 81 81 81 83 84 83 78 83 83 14 Engine 4 | . 9 14 10 4 11 11 9 7 7 6 6 7 . . 1 2 . . . . . . . . . . . Core 1 | . . . . . . . . . . . . . . . . 7 11 9 5 5 1 . . . . . . Reactor 2 | . . . . . . . . . . . . . 6 7 4 . . 1 5 5 8 10 10 10 10 8 . Treads 7 | . . . . 3 11 4 . . 7 7 7 7 7 7 16 . . 10 11 11 10 10 10 9 10 17 2 Wheel 6 | . 23 28 21 15 11 17 19 7 7 6 7 7 6 7 3 11 11 . . . . . . . . . . Device 9 | . 13 7 11 . . . . . 5 . . . 13 7 11 15 17 17 21 22 26 21 21 20 17 10 2 Storage 6 | . 11 14 11 11 11 11 9 7 7 6 7 7 4 7 6 5 5 5 5 5 4 5 5 5 5 3 . Processor 8 | . . 4 21 22 17 11 9 7 7 7 10 15 7 7 6 5 5 5 5 5 5 9 10 10 10 18 3 Hackware 7 | . . . . . . . . 14 15 15 14 9 15 15 12 6 5 5 . . . . . . . . . Protection 11 | . . . . 10 11 11 17 15 8 11 11 12 9 15 8 11 11 11 11 11 15 15 14 10 13 12 . Energy Cannon 10 | . . . . . . . 16 15 11 12 13 12 13 15 10 10 10 11 11 11 10 9 10 9 9 8 2 Ballistic Gun 1 | . 28 27 10 . . 6 . . . . . . . . 2 . . . . . . . . . . . . Ballistic Cannon 1 | . . . 10 19 1 13 . . . 2 . . . . . . . . . . . . . . . . . Peak Build Rating 145 | 2 12 14 20 17 17 21 40 47 63 64 67 70 69 66 89 92 100 119 121 124 135 133 135 140 138 145 53 Average Rating 75 | 1 10 12 18 15 16 20 33 44 54 57 61 68 62 65 79 87 92 109 120 121 132 132 132 130 135 139 34 On Entrance 66 | . 2 12 14 17 17 17 21 39 47 57 60 63 69 64 66 74 92 93 119 121 123 133 132 128 134 137 2 Naked Turns 28 | . . . . . . . . . . . . . . . . . . . . . . . . . . 14 14 Heaviest Build 297 | 3 51 51 52 60 213 219 237 237 237 242 264 267 72 82 260 255 259 266 270 277 290 279 280 297 297 297 26 Greatest Support 164 | 3 24 24 24 24 12 22 38 28 28 28 28 28 30 28 135 56 56 155 155 155 155 155 155 155 108 164 35 Greatest Overweight (x) 18 | . 2 2 16 4 17 18 8 8 8 8 9 9 2 2 9 4 4 1 1 1 1 1 1 3 2 2 . Average Overweight (x) 4 | . 1 2 2 3 7 11 6 8 7 7 8 8 1 2 3 4 4 1 1 1 . 1 1 1 2 1 . Largest Inventory Capacity 35 | 5 20 20 20 20 35 35 35 35 35 35 35 35 35 10 35 35 35 35 35 35 35 35 35 35 35 35 5 Average Capacity 32 | 5 15 20 20 20 26 35 35 35 35 34 35 35 8 10 32 35 35 35 35 35 34 35 35 35 35 34 5 Most Carried 35 | 5 15 17 20 20 25 30 35 35 35 35 35 34 34 10 35 35 35 35 35 35 35 35 35 35 34 35 5 Average Carried 30 | 3 10 15 19 18 20 28 34 34 34 33 34 33 7 10 25 34 34 34 34 34 31 34 34 34 32 32 2 Final Capacity 35 | 5 20 20 20 20 35 35 35 35 35 35 35 35 10 10 35 35 35 35 35 35 35 35 35 35 35 5 5 Final Carried 35 | 5 15 16 20 20 25 30 34 35 35 35 34 34 10 10 35 35 35 35 35 35 35 34 35 34 30 5 4 Class Distribution -------------------- 67% | Hauler-Mutant 19% | Scavenger-Mutant 8% | Mutant 3% | Hacker-Mutant Dominant Class ---------------- Mutant | -10/Materials Mutant | -10/Mines Mutant | -9/Materials Mutant | -9/Mines Mutant | -9/Exiles Hauler-Mutant | -8/Mines Hauler-Mutant | -8/Materials Hauler-Mutant | -7/Factory Hauler-Mutant | -7/Garrison Hauler-Mutant | -7/Factory Hauler-Mutant | -7/Garrison Hauler-Mutant | -7/Factory Hacker-Mutant | -7/Lower Caves Hacker-Mutant | -7/Lower Caves Hauler-Mutant | -6/Factory Hauler-Mutant | -5/Factory Hauler-Mutant | -5/Extension Hauler-Mutant | -5/Cetus Hauler-Mutant | -5/Archives Hauler-Mutant | -5/Hub_04(d) Scavenger-Mutant | -4/Factory Scavenger-Mutant | -4/Upper Caves Scavenger-Mutant | -4/Upper Caves Scavenger-Mutant | -4/Warlord Scavenger-Mutant | -3/Proximity Caves Scavenger-Mutant | -3/Research Mutant | -3/Armory Resources | -11 -10 -10 -9 -9 -9 -8 -8 -7 -7 -7 -7 -7 -7 -7 -6 -5 -5 -5 -5 -5 -4 -4 -4 -4 -3 -3 -3 ----------- Run | Yrd Mat Min Mat Min Exi Min Mat Fac Gar Fac Gar Fac Low Low Fac Fac Ext Cet Arc Hub Fac Upp Upp War Pro Res Arm Matter Collected 7789 | 184 224 250 356 375 25 27 551 . 628 1071 586 . 362 33 1438 320 322 125 43 55 90 132 20 180 136 219 37 Remotely 520 | . . . . . . . . . . . . . . . 520 . . . . . . . . . . . . Salvage Created 13539 | 27 140 79 491 469 . 76 1809 . 1024 1598 477 49 320 33 2050 805 700 213 54 47 1068 331 223 231 231 994 . Parts 592 | 4 19 9 44 26 . 7 80 . 19 70 28 4 6 1 94 41 25 8 . . 55 13 5 4 10 20 . Haulers Intercepted 15 | . 1 . 1 . . . 4 . . . . . . . 3 1 1 . . . . . . . . 4 . Recyclers Shooed 7 | 1 . . . . . . 1 . . 2 . . . . 2 1 . . . . . . . . . . . Parts Field Recycled . | . . . . . . . . . . . . . . . . . . . . . . . . . . . . Retrieved Matter . | . . . . . . . . . . . . . . . . . . . . . . . . . . . . Parts Self-Destructed 38 | . . . . . . . . . . . . . 11 . . . . . . . . 12 5 . 10 . . Prevented 3 | . . . . . . . . . . . . . 3 . . . . . . . . . . . . . . Kills | -11 -10 -10 -9 -9 -9 -8 -8 -7 -7 -7 -7 -7 -7 -7 -6 -5 -5 -5 -5 -5 -4 -4 -4 -4 -3 -3 -3 ------- Run | Yrd Mat Min Mat Min Exi Min Mat Fac Gar Fac Gar Fac Low Low Fac Fac Ext Cet Arc Hub Fac Upp Upp War Pro Res Arm Combat Hostiles Destroyed 232 | . 6 6 13 15 . . 28 . 14 24 20 2 4 . 32 11 14 3 1 1 11 4 3 4 8 8 . Guns 22 | . 6 6 8 . . . . . . . . . . . 2 . . . . . . . . . . . . Cannons 110 | . . . 5 10 . . 11 . 2 17 5 . 1 . 18 7 2 3 . 1 10 2 2 1 6 7 . AOE 82 | . . . . 5 . . 15 . 9 2 15 2 2 . 12 3 12 . . . . 2 . 1 2 . . Classes Destroyed 22 | 1 2 2 5 4 . . 2 . 2 . 1 . . 1 . . . . . . . . . . 1 1 . Worker 19 | . . . . 1 . 1 . . . 4 . . . . 9 1 1 . . . 2 . . . . . . Builder 6 | . . . . 1 . . 1 . . . . . . . 1 . 1 . . . 2 . . . . . . Tunneler 1 | 1 . . . . . . . . . . . . . . . . . . . . . . . . . . . Hauler 15 | . 1 . 1 . . . 4 . . . . . . . 3 1 1 . . . . . . . . 4 . Recycler 12 | . . . 1 . . . 2 . . 4 . . . . 2 1 2 . . . . . . . . . . Mechanic 1 | . . . . . . . 1 . . . . . . . . . . . . . . . . . . . . Operator 4 | . . . 1 . . . 2 . . . . . . . . . . . . . 1 . . . . . . Drone 2 | . . . . . . . . . . . . . . . . . . . . . . . . . 2 . . Watcher 16 | . . . 1 . . . 5 . 1 3 . . . . 2 1 . . . . 3 . . . . . . Swarmer 45 | . 6 3 4 4 . . . . . . 7 . . . 8 . 9 . . . . . . 1 3 . . Cutter 3 | . . . . . . . . . . . 3 . . . . . . . . . . . . . . . . Grunt 92 | . . . 6 9 . . 17 . 7 10 8 2 2 . 11 6 1 . . 1 . 2 2 1 2 5 . Brawler 11 | . . . . 1 . . 3 . 1 2 . . 1 . 1 1 1 . . . . . . . . . . Duelist 7 | . . . . 1 . . 1 . 1 . . . . . 1 . 1 . . . . 1 . . 1 . . Sentry 22 | . . . 3 . . . 4 . 1 5 . . 1 . 4 . 1 . 1 . . . 1 . . 1 . Demolisher 3 | . . 2 . . . . . . . . . . . . . . . . . . . . . . . 1 . Hunter 15 | . . . . . . . 3 . 2 1 1 . . . . 2 1 . . . 4 . . 1 . . . Programmer 23 | . . . . . . . . . 1 6 1 . . . 7 2 . . . . 6 . . . . . . Behemoth 4 | . . . . . . . . . 1 . . . . . . . . . . . 1 1 . 1 . . . Cetus Guard 3 | . . . . . . . . . . . . . . . . . . 3 . . . . . . . . . Enhanced Grunt 1 | . . . . . . . . . . . . . . . . . . . . . 1 . . . . . . Striker 1 | . . . . . . . . . . . . . . . . . . . . . . . . . . 1 . Packrat 2 | . . . . . . . . . . . . . 2 . . . . . . . . . . . . . . Samaritan 2 | . . . . . . . . . . . . . . 1 . . . . . . . 1 . . . . . Assembled 1 | . . 1 . . . . . . . . . . . . . . . . . . . . . . . . . Best Kill Streak 10 | 1 3 3 5 8 . 1 5 . 4 10 9 2 3 . 8 3 5 2 1 1 3 3 2 1 5 4 . Combat Bots Only 9 | . 3 3 5 7 . . 4 . 4 4 9 2 3 . 6 3 5 2 1 1 3 3 2 1 5 4 . Max Kills in Single Turn 4 | 1 1 1 2 3 . 1 4 . 3 3 2 2 1 1 4 2 3 1 1 1 1 2 1 1 1 1 . Gunslinging 1 | . . . 1 . . . . . . . . . . . . . . . . . . . . . . . . Exploded 3 | . . . . 3 . . 2 . 3 1 2 2 1 . 3 2 3 . . . . 2 . 1 1 . . Melee . | . . . . . . . . . . . . . . . . . . . . . . . . . . . . Uniques/NPCs Destroyed . | . . . . . . . . . . . . . . . . . . . . . . . . . . . . Combat | -11 -10 -10 -9 -9 -9 -8 -8 -7 -7 -7 -7 -7 -7 -7 -6 -5 -5 -5 -5 -5 -4 -4 -4 -4 -3 -3 -3 -------- Run | Yrd Mat Min Mat Min Exi Min Mat Fac Gar Fac Gar Fac Low Low Fac Fac Ext Cet Arc Hub Fac Upp Upp War Pro Res Arm Hostile Shots Fired 1594 | . 12 21 51 80 . . 110 . 90 222 162 2 74 . 227 44 45 20 . 4 61 8 10 40 118 81 112 Missed 551 | . 4 5 16 23 . . 38 . 35 80 58 . 23 . 94 18 14 4 . 1 13 3 5 10 33 28 46 Damage Taken 17087 | . 65 404 878 736 . . 1273 . 915 1773 1569 35 509 . 1377 447 491 331 . 28 758 209 89 587 1712 1771 1130 Core 2837 | . . 58 288 67 . . 152 . 129 168 260 . 101 . 107 22 48 . . . 39 . 22 . 74 234 1068 Absorbed by Shields 771 | . . . . . . . . . . . . . 73 . 42 45 176 120 . 30 22 . . 128 135 . . Reduced by Siege Mode 45 | . . . . . . . . . . . . . . . . . . 34 . . 11 . . . . . . Ignored by Resistances 753 | . . . . . . . . . 20 11 174 . 28 . 202 . . . . . 162 . 21 . 116 19 . Regen/Repaired (Parts) 378 | . . . . . . . . . . 79 . . . . . . . . . . 298 . . 1 . . . Core Remaining (%) 66 | 100 . 76 . . . 11 72 . . . . . . 6 87 . . . . 93 . . . . 88 . . Volleys Fired 707 | 7 14 13 37 37 . 3 75 . 58 79 48 3 18 1 102 43 32 8 4 2 36 8 7 10 23 38 1 Largest 2 | 2 2 2 2 2 . 1 2 . 2 2 2 1 2 2 2 2 2 2 2 2 2 2 2 2 2 2 1 Hottest 260 | 40 43 46 70 70 . 23 126 . 205 138 159 105 195 195 195 195 195 210 210 140 210 210 210 260 260 260 110 Shots Fired 1190 | 14 28 26 73 62 . 3 143 . 93 154 66 3 22 2 161 66 45 15 8 5 70 12 14 14 32 58 1 Gun 131 | 14 28 26 26 . . 3 2 . . . . . . . 32 . . . . . . . . . . . . Cannon 945 | . . . 47 55 . . 127 . 69 152 41 1 19 2 120 63 38 15 8 5 70 9 14 11 22 56 1 Launcher 102 | . . . . 7 . . 14 . 12 2 25 2 3 . 9 3 7 . . . . 3 . 3 10 2 . Special 12 | . . . . . . . . . 12 . . . . . . . . . . . . . . . . . . Kinetic 277 | 14 28 26 73 55 . 3 5 . . 41 . . . . 32 . . . . . . . . . . . . Thermal 566 | . . . . . . . . . 38 61 17 1 13 2 120 63 38 15 8 5 70 9 14 14 32 46 . Explosive 77 | . . . . . . . 11 . 12 2 25 2 3 . 9 3 7 . . . . 3 . . . . . Electromagnetic 270 | . . . . 7 . . 127 . 43 50 24 . 6 . . . . . . . . . . . . 12 1 Robot Hit Streak 24 | 4 5 3 14 9 . 5 24 . 23 17 7 8 14 6 12 13 7 11 5 2 6 4 12 13 9 5 . Robot Miss Streak 11 | 1 3 11 3 2 . . 3 . 2 4 5 1 2 . 6 3 3 1 1 2 4 2 1 1 3 3 . Penetration Max . | . . . . . . . . . . . . . . . . . . . . . . . . . . . . Secondary Targets 5 | . 2 1 2 . . . . . . . . . . . . . . . . . . . . . . . . Max Gunslinging Chain 1 | . 1 1 1 . . . . . . . . . . . . . . . . . . . . . . . . Capacitor 16 | . . . . . . . . . . . . . . . . . . . . . . . . . . 16 . Shots Hit Robots 714 | 10 16 12 50 42 . 3 93 . 64 105 23 1 19 1 99 30 23 12 6 2 34 6 12 8 15 28 . Core Hits 458 | 3 9 9 27 18 . 3 64 . 47 43 36 6 7 1 74 18 33 6 1 1 12 6 2 5 13 14 . Critical Kills 5 | . . . . . . . . . 2 1 . . . . . . . . . . . . . . . 2 . Critical Parts Destroyed 2 | . 1 . 1 . . . . . . . . . . . . . . . . . . . . . . . . Critical Strikes 14 | . 1 . 3 1 . . 1 . 3 3 . . . . . . . . . . . . . . . 2 . Burn 1 | . . . . . . . . . 1 . . . . . . . . . . . . . . . . . . Meltdown 5 | . . . . . . . . . 2 1 . . . . . . . . . . . . . . . 2 . Destroy 2 | . 1 . 1 . . . . . . . . . . . . . . . . . . . . . . . . Blast 5 | . . . 2 1 . . . . . 2 . . . . . . . . . . . . . . . . . Corrupt 1 | . . . . . . . 1 . . . . . . . . . . . . . . . . . . . . Melee Attacks . | . . . . . . . . . . . . . . . . . . . . . . . . . . . . Impact . | . . . . . . . . . . . . . . . . . . . . . . . . . . . . Slashing . | . . . . . . . . . . . . . . . . . . . . . . . . . . . . Piercing . | . . . . . . . . . . . . . . . . . . . . . . . . . . . . Sneak Attacks . | . . . . . . . . . . . . . . . . . . . . . . . . . . . . Combat Hostiles . | . . . . . . . . . . . . . . . . . . . . . . . . . . . . Follow-up Attacks . | . . . . . . . . . . . . . . . . . . . . . . . . . . . . Damage Inflicted 37047 | 107 223 164 820 992 . 43 4245 . 3180 3456 2555 178 873 54 5459 2016 2817 566 337 202 3041 633 774 927 1413 1972 . Guns 1434 | 107 223 164 341 . . 43 15 . . . . . . . 541 . . . . . . . . . . . . Cannons 22554 | . . . 479 707 . . 2019 . 1533 3003 612 . 602 54 3128 1398 1021 566 337 202 2938 303 774 479 577 1822 . Explosions 12798 | . . . . 272 . . 2211 . 1535 453 1943 178 271 . 1778 618 1796 . . . . 309 . 448 836 150 . Melee . | . . . . . . . . . . . . . . . . . . . . . . . . . . . . Ramming 149 | . . . . 13 . . . . . . . . . . 12 . . . . . 103 21 . . . . . Kinetic 3401 | 107 223 164 820 707 . 43 17 . . 779 . . . . 541 . . . . . . . . . . . . Thermal 18156 | . . . . 110 . . 98 . 803 1318 227 . 430 54 3211 1398 1289 566 337 202 2938 303 774 927 1413 1758 . Explosive 10178 | . . . . . . . 1918 . 1434 284 1943 178 271 . 1695 618 1528 . . . . 309 . . . . . Electromagnetic 5163 | . . . . 162 . . 2212 . 943 1075 385 . 172 . . . . . . . . . . . . 214 . Impact . | . . . . . . . . . . . . . . . . . . . . . . . . . . . . Slashing . | . . . . . . . . . . . . . . . . . . . . . . . . . . . . Piercing . | . . . . . . . . . . . . . . . . . . . . . . . . . . . . Highest Corruption 12 | . . . 9 9 9 9 . . . 4 8 . 12 12 3 4 4 4 4 9 1 1 1 2 2 . . Average Corruption 4 | . . . 9 9 9 9 . . . 2 8 . 11 12 1 4 4 4 4 6 1 1 1 1 2 . . Corruption Purged 3 | . . . . . . . . . . . . . 3 . . . . . . . . . . . . . . Corruption Blocked . | . . . . . . . . . . . . . . . . . . . . . . . . . . . . Effects 290 | . . . 19 25 26 9 . . . 45 10 . 24 7 8 21 31 12 4 11 5 7 4 4 18 . . Message Errors 70 | . . . 1 6 7 6 . . . 8 3 . 3 3 5 2 7 5 . 3 1 1 1 1 7 . . Matter Fused 62 | . . . 2 4 5 2 . . . 14 2 . 6 1 2 6 4 2 3 2 . 1 . 1 5 . . Heat Flow Errors 36 | . . . 1 3 4 . . . . 8 2 . 2 1 . 1 6 2 . 3 1 . 1 . 1 . . Energy Discharges 40 | . . . 7 3 2 1 . . . 9 . . 3 1 . 2 5 1 . . . 2 1 2 1 . . Parts Fused 7 | . . . . . . . . . . 1 . . . . . 2 1 . . 1 1 . . . 1 . . Data Loss (minor) 25 | . . . 3 . 4 . . . . 3 1 . 5 1 . . 3 1 . . . 2 . . 2 . . Data Loss (major) 14 | . . . 1 3 . . . . . . . . 3 . . 1 2 . 1 1 . . 1 . 1 . . Misfires 12 | . . . 1 2 . . . . . 2 . . . . 1 3 1 . . 1 1 . . . . . . Alerts 12 | . . . 1 . 4 . . . . . 1 . 2 . . 2 1 1 . . . . . . . . . Weapon Failures 12 | . . . 2 4 . . . . . . 1 . . . . 2 1 . . . 1 1 . . . . . Overload Shots 280 | . . . . . . . . . . . 12 . 2 1 53 30 19 9 6 2 65 9 14 6 8 44 . Effects 21 | . . . . . . . . . . . 1 . . . 5 2 2 1 . . 3 . 1 2 . 4 . Energy Bleed 7 | . . . . . . . . . . . 1 . . . 1 . 1 . . . 1 . . . . 3 . Heat Surge 11 | . . . . . . . . . . . . . . . 3 2 1 1 . . 2 . 1 1 . . . Short Circuit 3 | . . . . . . . . . . . . . . . 1 . . . . . . . . 1 . 1 . Overflow Damage 1747 | . . . 8 32 . . 66 . 30 168 165 . 42 . 207 91 43 . 38 21 457 43 66 22 139 109 . Projectiles 1178 | . . . 8 18 . . 5 . 16 96 62 . 41 . 99 67 . . 38 21 422 . 66 . 110 109 . Explosions 515 | . . . . 14 . . 61 . 14 72 103 . 1 . 108 24 43 . . . . 24 . 22 29 . . Melee 54 | . . . . . . . . . . . . . . . . . . . . . 35 19 . . . . . Knockbacks 19 | . . . 8 7 . . . . . 4 . . . . . . . . . . . . . . . . . Impact . | . . . . . . . . . . . . . . . . . . . . . . . . . . . . Kinetic 16 | . . . 5 7 . . . . . 4 . . . . . . . . . . . . . . . . . Secondary 3 | . . . 3 . . . . . . . . . . . . . . . . . . . . . . . . Self-Inflicted Damage 624 | . . . . 20 . . 110 . . 68 262 . 92 . . . . . . . . 72 . . . . . Shots 14 | . . . . 2 . . 2 . . 1 6 . 2 . . . . . . . . 1 . . . . . Rammed 6 | . . . . 1 . . . . . . . . . . 1 . . . . . 3 1 . . . . . Targets Rammed 8 | . . . . 1 . . . . . . . . . . 2 . . . . . 4 1 . . . . . Kicked . | . . . . . . . . . . . . . . . . . . . . . . . . . . . . Crushed 2 | . . . . . . . . . . . . . . . 1 . . . . . 1 . . . . . . Highest Temperature 516 | . . 15 268 239 254 . 333 . 284 300 319 70 336 166 372 452 213 288 216 254 406 60 317 516 265 412 18 Average Temperature 100 | . . 10 53 124 111 . 103 . 87 85 87 27 91 82 81 153 67 140 102 93 117 29 122 182 123 142 11 Received Heat Transfer 3358 | . . 20 183 309 . . 495 . 168 360 345 18 129 . 453 151 90 6 . 12 9 21 12 37 255 63 222 Effects 17 | . . . . . . . 4 . . . 3 . . . . 2 . . . . 3 . . 3 . 2 . Shutdowns 6 | . . . . . . . . . . . . . . . . 1 . . . . 1 . . 2 . 2 . Energy Bleed 5 | . . . . . . . 4 . . . . . . . . . . . . . 1 . . . . . . Interference 5 | . . . . . . . . . . . 3 . . . . 1 . . . . 1 . . . . . . Short Circuit 1 | . . . . . . . . . . . . . . . . . . . . . . . . 1 . . . Siege Activations 8 | . . . . . . . . . . . . . . . 2 . . 2 . . 3 . . 1 . . . Total Turns 108 | . . . . . . . . . . . . . . . 32 . . 28 . . 44 . . 4 . . . Longest Duration 26 | . . . . . . . . . . . . . . . 24 . . 18 . . 26 . . 4 . . . Robots Corrupted 16 | . . . . . . . 3 . 5 4 1 . 1 . . . . . . . . 1 . . . 1 . Combat Hostiles 10 | . . . . . . . 2 . 1 4 1 . 1 . . . . . . . . . . . . 1 . Parts Fried 42 | . . . . . . . 15 . 17 8 1 . . . . . . . . . 1 . . . . . . Impact Corruptions 8 | . . . . . . . . . . . . . . . . . . . . . 2 6 . . . . . Robots Melted 11 | . . . . . . . . . 2 1 . . . . . 1 . . 1 . 1 . 1 2 . 2 . Combat Hostiles 9 | . . . . . . . . . 2 1 . . . . . 1 . . 1 . 1 . 1 2 . . . Parts Melted 38 | . . . . . . . . . 4 1 . . . 1 3 2 1 2 . . 12 . 1 3 2 6 . Heat Transferred 21618 | . . . . 150 . . 100 . 1503 1580 200 . 433 50 3167 1649 1556 780 420 210 2930 320 960 1270 2100 2240 . Parts Sabotaged 2 | . . . . . . . . . . . . . . . . . . . . . . . . . . . 2 Parts Stolen . | . . . . . . . . . . . . . . . . . . . . . . . . . . . . Parts Stripped . | . . . . . . . . . . . . . . . . . . . . . . . . . . . . Power Chain Reactions 6 | . . . . 2 . . 2 . 2 . . . . . . . . . . . . . . . . . . Alert | -11 -10 -10 -9 -9 -9 -8 -8 -7 -7 -7 -7 -7 -7 -7 -6 -5 -5 -5 -5 -5 -4 -4 -4 -4 -3 -3 -3 ------- Run | Yrd Mat Min Mat Min Exi Min Mat Fac Gar Fac Gar Fac Low Low Fac Fac Ext Cet Arc Hub Fac Upp Upp War Pro Res Arm Peak Influence 1303 | 5 149 141 265 375 . 15 713 324 1088 651 1303 761 . . 506 426 795 575 438 536 337 . . . . 396 162 Initial 673 | . 3 7 54 85 . . 5 324 226 571 369 673 . . 171 235 135 440 213 153 262 . . . . 312 111 Average 364 | 1 64 114 154 215 . 8 231 324 610 360 968 748 . . 271 164 587 524 398 256 232 . . . . 235 126 Maximum Alert Level 4 | . . . 1 1 . . 3 1 3 2 4 3 . . 2 2 3 2 2 2 1 . . . . 1 . Low Security (%) 26 | 100 100 100 58 50 . 100 46 . . 11 . . . . 30 65 5 . . 69 17 . . . . 31 100 Level 1 41 | . . . 41 49 . . 37 100 27 56 1 . . . 54 32 16 8 23 7 82 . . . . 68 . Level 2 20 | . . . . . . . 13 . 30 32 19 12 . . 14 2 50 91 76 23 . . . . . . . Level 3 8 | . . . . . . . 2 . 41 . 44 87 . . . . 27 . . . . . . . . . . Level 4 2 | . . . . . . . . . . . 34 . . . . . . . . . . . . . . . . Level 5 . | . . . . . . . . . . . . . . . . . . . . . . . . . . . . High Security . | . . . . . . . . . . . . . . . . . . . . . . . . . . . . Max Security . | . . . . . . . . . . . . . . . . . . . . . . . . . . . . Squads Dispatched 56 | . . . 3 . . . 5 . . 12 . 1 . . 12 4 4 . . 5 5 . . . . 2 3 Investigation 14 | . . . 2 . . . 2 . . 1 . 1 . . 2 1 . . . 1 1 . . . . 1 2 Extermination 19 | . . . . . . . . . . 7 . . . . 6 1 . . . 1 4 . . . . . . Reinforcement 16 | . . . 1 . . . 2 . . 1 . . . . 4 2 3 . . 1 . . . . . 1 1 Assault 4 | . . . . . . . 1 . . . . . . . . . 1 . . 2 . . . . . . . Garrison 3 | . . . . . . . . . . 3 . . . . . . . . . . . . . . . . . Intercept . | . . . . . . . . . . . . . . . . . . . . . . . . . . . . Searches Triggered . | . . . . . . . . . . . . . . . . . . . . . . . . . . . . Construction Impeded 4 | . . . . . . . . . . . . . . . 1 . 2 . . 1 . . . . . . . Haulers Reinforced 2 | . . . . . . . . . . . . . . . 1 1 . . . . . . . . . . . Active Scanning Responses . | . . . . . . . . . . . . . . . . . . . . . . . . . . . . Cargo Convoy Interrupts . | . . . . . . . . . . . . . . . . . . . . . . . . . . . . Stealth | -11 -10 -10 -9 -9 -9 -8 -8 -7 -7 -7 -7 -7 -7 -7 -6 -5 -5 -5 -5 -5 -4 -4 -4 -4 -3 -3 -3 --------- Run | Yrd Mat Min Mat Min Exi Min Mat Fac Gar Fac Gar Fac Low Low Fac Fac Ext Cet Arc Hub Fac Upp Upp War Pro Res Arm Distress Signals 24 | . 1 . 1 . . . 2 . . 4 1 . . . . 1 1 2 . . 1 . . . . 7 3 Communications Jammed . | . . . . . . . . . . . . . . . . . . . . . . . . . . . . Distress Signals . | . . . . . . . . . . . . . . . . . . . . . . . . . . . . Times Spotted 418 | . 10 24 19 15 . . 35 . 15 32 23 2 4 . 33 15 33 10 3 16 23 4 3 38 10 21 30 Peak Tracking Total 24 | . 3 13 5 5 . . 4 . 4 4 4 2 3 . 3 3 5 5 1 11 4 3 2 12 7 5 24 Tactical Retreats 14 | . . 3 . . . . 1 . 1 2 2 . . . 1 . . . . . . . . 1 2 . 1 Traps | -11 -10 -10 -9 -9 -9 -8 -8 -7 -7 -7 -7 -7 -7 -7 -6 -5 -5 -5 -5 -5 -4 -4 -4 -4 -3 -3 -3 ------- Run | Yrd Mat Min Mat Min Exi Min Mat Fac Gar Fac Gar Fac Low Low Fac Fac Ext Cet Arc Hub Fac Upp Upp War Pro Res Arm Traps Triggered 22 | . . . 1 . . . . . 6 3 2 . . . 2 . 1 . . 3 3 . . . . . 1 Indirectly . | . . . . . . . . . . . . . . . . . . . . . . . . . . . . Trap Hack Attempts . | . . . . . . . . . . . . . . . . . . . . . . . . . . . . Triggered . | . . . . . . . . . . . . . . . . . . . . . . . . . . . . Disarmed . | . . . . . . . . . . . . . . . . . . . . . . . . . . . . Reprogrammed . | . . . . . . . . . . . . . . . . . . . . . . . . . . . . Reused . | . . . . . . . . . . . . . . . . . . . . . . . . . . . . Traps Extracted . | . . . . . . . . . . . . . . . . . . . . . . . . . . . . Installed . | . . . . . . . . . . . . . . . . . . . . . . . . . . . . Triggered 11 | . . . . . . . . . . . 2 . 1 . . . . . . . . . . 8 . . . Machines | -11 -10 -10 -9 -9 -9 -8 -8 -7 -7 -7 -7 -7 -7 -7 -6 -5 -5 -5 -5 -5 -4 -4 -4 -4 -3 -3 -3 ---------- Run | Yrd Mat Min Mat Min Exi Min Mat Fac Gar Fac Gar Fac Low Low Fac Fac Ext Cet Arc Hub Fac Upp Upp War Pro Res Arm Machines Disabled 53 | . . . . 1 . . 6 . 1 4 4 1 . . 14 4 9 1 2 . 6 . . . . . . Max in Single Turn 7 | . . . . 1 . . 1 . 1 2 2 1 . . 7 2 1 1 . . 1 . . . . . . Garrison Access 5 | . . . . . . . . . . 2 . . . . 2 . . . . 1 . . . . . . . Machines Repaired . | . . . . . . . . . . . . . . . . . . . . . . . . . . . . Machines Dismantled . | . . . . . . . . . . . . . . . . . . . . . . . . . . . . Machines Sabotaged . | . . . . . . . . . . . . . . . . . . . . . . . . . . . . Overloaded Fab Kills . | . . . . . . . . . . . . . . . . . . . . . . . . . . . . Hacking | -11 -10 -10 -9 -9 -9 -8 -8 -7 -7 -7 -7 -7 -7 -7 -6 -5 -5 -5 -5 -5 -4 -4 -4 -4 -3 -3 -3 --------- Run | Yrd Mat Min Mat Min Exi Min Mat Fac Gar Fac Gar Fac Low Low Fac Fac Ext Cet Arc Hub Fac Upp Upp War Pro Res Arm Machines Accessed 97 | . 6 1 4 . 2 . 8 2 2 25 2 4 . . 12 4 9 2 . 2 5 . . . . 3 4 Terminals 59 | . 5 1 3 . . . 5 1 2 12 2 1 . . 5 2 9 2 . 1 2 . . . . 2 4 Fabricators 9 | . . . . . . . . . . 4 . . . . 3 . . . . . 1 . . . . 1 . Repair Stations 3 | . 1 . . . . . . . . 1 . . . . . . . . . . 1 . . . . . . Recycling Units 10 | . . . . . . . 1 . . 4 . 1 . . 2 2 . . . . . . . . . . . Scanalyzers 6 | . . . 1 . . . 2 . . 1 . 1 . . . . . . . . 1 . . . . . . Garrison Access 8 | . . . . . . . . 1 . 3 . 1 . . 2 . . . . 1 . . . . . . . Total Hacks 242 | . 14 5 16 . 2 . 25 3 2 63 2 11 . . 30 10 18 3 . 3 14 . . . . 6 15 Successful 130 | . 3 3 9 . 2 . 17 1 2 36 2 5 . . 21 6 5 1 . 2 7 . . . . 2 6 Failed 112 | . 11 2 7 . . . 8 2 . 27 . 6 . . 9 4 13 2 . 1 7 . . . . 4 9 Catastrophic 22 | . 4 1 1 . . . 2 1 . 3 . 2 . . 1 . 2 1 . . 1 . . . . 1 2 Database Lockouts . | . . . . . . . . . . . . . . . . . . . . . . . . . . . . Manual 114 | . 10 4 9 . 1 . 13 2 . 25 . 4 . . 10 6 7 1 . 3 8 . . . . 5 6 Terminals 148 | . 12 5 12 . . . 13 2 2 29 2 2 . . 16 4 18 3 . 1 8 . . . . 4 15 Fabricators 21 | . . . . . . . . . . 10 . . . . 7 . . . . . 2 . . . . 2 . Repair Stations 11 | . 2 . . . . . . . . 6 . . . . . . . . . . 3 . . . . . . Recycling Units 24 | . . . . . . . 2 . . 9 . 2 . . 5 6 . . . . . . . . . . . Scanalyzers 23 | . . . 4 . . . 10 . . 3 . 5 . . . . . . . . 1 . . . . . . Garrison Access 13 | . . . . . . . . 1 . 6 . 2 . . 2 . . . . 2 . . . . . . . Terminal Hacks 49 | . 1 2 2 . 2 . 2 . 2 12 2 1 . . 10 1 5 1 . . 2 . . . . . 4 Record 4 | . . . . . 1 . . . . 1 . . . . 1 . . 1 . . . . . . . . . Prototype ID Bank 1 | . . . . . . . . . . . . . . . 1 . . . . . . . . . . . . Open Door 3 | . . . . . . . . . . . . . . . . . 2 . . . . . . . . . 1 Level Access Points 3 | . . 1 . . . . . . . 1 . . . . 1 . . . . . . . . . . . . Branch Access Points 4 | . . . . . . . . . . 1 . . . . 1 . . . . . 1 . . . . . 1 Emergency Access Points 1 | . . . . . . . . . 1 . . . . . . . . . . . . . . . . . . Recycling Unit Index 1 | . . . . . . . . . . 1 . . . . . . . . . . . . . . . . . Alert Level 6 | . . . . . . . . . . 2 . 1 . . 2 . . . . . . . . . . . 1 Unreport Threat 7 | . . . . . . . . . . 2 . . . . 2 1 2 . . . . . . . . . . Hauler Manifests 5 | . 1 . 1 . . . 1 . . 1 . . . . 1 . . . . . . . . . . . . Registered Components 1 | . . . . . . . . . . . . . . . 1 . . . . . . . . . . . . Zone Layout 9 | . . 1 1 . . . 1 . . 3 . . . . . . 1 . . . 1 . . . . . 1 Garrison Registry 1 | . . . . . . . . . . . 1 . . . . . . . . . . . . . . . . Security Stations 2 | . . . . . . . . . 1 . 1 . . . . . . . . . . . . . . . . Derelict Proto ID Bank 1 | . . . . . 1 . . . . . . . . . . . . . . . . . . . . . . Fabricator Hacks 5 | . . . . . . . . . . 2 . . . . 2 . . . . . . . . . . 1 . Network Status 3 | . . . . . . . . . . 2 . . . . . . . . . . . . . . . 1 . Load Schematic 1 | . . . . . . . . . . . . . . . 1 . . . . . . . . . . . . Build 1 | . . . . . . . . . . . . . . . 1 . . . . . . . . . . . . Repair Station Hacks 7 | . . . . . . . . . . 5 . . . . . . . . . . 2 . . . . . . Scan Component 4 | . . . . . . . . . . 3 . . . . . . . . . . 1 . . . . . . Repair 3 | . . . . . . . . . . 2 . . . . . . . . . . 1 . . . . . . Recycling Unit Hacks 10 | . . . . . . . . . . 5 . . . . 2 3 . . . . . . . . . . . Report Inventory 5 | . . . . . . . . . . 2 . . . . 1 2 . . . . . . . . . . . Retrieve Matter 1 | . . . . . . . . . . . . . . . 1 . . . . . . . . . . . . Retrieve Components 4 | . . . . . . . . . . 3 . . . . . 1 . . . . . . . . . . . Scanalyzer 20 | . . . 4 . . . 10 . . 2 . 4 . . . . . . . . . . . . . . . Insert Component 10 | . . . 2 . . . 5 . . 1 . 2 . . . . . . . . . . . . . . . Analyze 10 | . . . 2 . . . 5 . . 1 . 2 . . . . . . . . . . . . . . . Garrison Access Hacks 5 | . . . . . . . . 1 . 3 . . . . 1 . . . . . . . . . . . . Unlock Access 2 | . . . . . . . . 1 . 1 . . . . . . . . . . . . . . . . . Seal Access 3 | . . . . . . . . . . 2 . . . . 1 . . . . . . . . . . . . Unauthorized Hacks 34 | . 2 1 3 . . . 5 . . 7 . . . . 6 2 . . . 2 3 . . . . 1 2 Terminals 17 | . 1 1 3 . . . 3 . . 3 . . . . 1 . . . . 1 2 . . . . . 2 Botnet 16 | . 1 1 3 . . . 3 . . 2 . . . . 1 . . . . 1 2 . . . . . 2 Operators 1 | . . . . . . . . . . 1 . . . . . . . . . . . . . . . . . Fabricators 7 | . . . . . . . . . . 3 . . . . 2 . . . . . 1 . . . . 1 . Liberate 7 | . . . . . . . . . . 3 . . . . 2 . . . . . 1 . . . . 1 . Repair Stations 1 | . 1 . . . . . . . . . . . . . . . . . . . . . . . . . . Mechanics 1 | . 1 . . . . . . . . . . . . . . . . . . . . . . . . . . Recycling Units 7 | . . . . . . . 2 . . 1 . . . . 2 2 . . . . . . . . . . . Monitor 1 | . . . . . . . . . . . . . . . . 1 . . . . . . . . . . . Reject 4 | . . . . . . . 1 . . 1 . . . . 1 1 . . . . . . . . . . . Mask 1 | . . . . . . . . . . . . . . . 1 . . . . . . . . . . . . Tunnel 1 | . . . . . . . 1 . . . . . . . . . . . . . . . . . . . . Scanalyzers . | . . . . . . . . . . . . . . . . . . . . . . . . . . . . Garrison Access 2 | . . . . . . . . . . . . . . . 1 . . . . 1 . . . . . . . Jam 2 | . . . . . . . . . . . . . . . 1 . . . . 1 . . . . . . . Data Cores Recovered . | . . . . . . . . . . . . . . . . . . . . . . . . . . . . Used . | . . . . . . . . . . . . . . . . . . . . . . . . . . . . Hacking Detections 77 | . 5 1 4 . . . 5 2 . 23 1 3 . . 9 3 7 1 . 2 4 . . . . 3 4 Full Trace Events 7 | . . . 1 . . . 1 . . 1 . 1 . . 1 1 . . . . . . . . . . 1 Feedback Events 2 | . . . . . . . . . . . . 1 . . . 1 . . . . . . . . . . . Corruption 1 | . . . . . . . . . . . . 1 . . . . . . . . . . . . . . . Hackware Fried 1 | . . . . . . . . . . . . . . . . 1 . . . . . . . . . . . Feedback Blocked . | . . . . . . . . . . . . . . . . . . . . . . . . . . . . Robot Schematics Acquired . | . . . . . . . . . . . . . . . . . . . . . . . . . . . . Robots Built . | . . . . . . . . . . . . . . . . . . . . . . . . . . . . Authchips . | . . . . . . . . . . . . . . . . . . . . . . . . . . . . Time . | . . . . . . . . . . . . . . . . . . . . . . . . . . . . Total Robot Build Rating . | . . . . . . . . . . . . . . . . . . . . . . . . . . . . Part Schematics Acquired 10 | . . . 2 . . . 5 . . 1 . 2 . . . . . . . . . . . . . . . Parts Built 1 | . . . . . . . . . . . . . . . 1 . . . . . . . . . . . . Authchips . | . . . . . . . . . . . . . . . . . . . . . . . . . . . . Time 25 | . . . . . . . . . . . . . . . 25 . . . . . . . . . . . . Total Part Build Rating 1 | . . . . . . . . . . . . . . . 1 . . . . . . . . . . . . Parts Repaired 3 | . . . . . . . . . . 2 . . . . . . . . . . 1 . . . . . . Time 198 | . . . . . . . . . . 172 . . . . . . . . . . 26 . . . . . . Parts Recycled . | . . . . . . . . . . . . . . . . . . . . . . . . . . . . Recycled Matter . | . . . . . . . . . . . . . . . . . . . . . . . . . . . . Retrieved Matter 227 | . . . . . . . . . . . . . . . 227 . . . . . . . . . . . . Retrieved Components 16 | . . . . . . . . . . 13 . . . . . 3 . . . . . . . . . . . Parts Scanalyzed 10 | . . . 2 . . . 5 . . 1 . 2 . . . . . . . . . . . . . . . Part Schematics Acquired 10 | . . . 2 . . . 5 . . 1 . 2 . . . . . . . . . . . . . . . Parts Damaged 1 | . . . . . . . . . . 1 . . . . . . . . . . . . . . . . . Bothacking | -11 -10 -10 -9 -9 -9 -8 -8 -7 -7 -7 -7 -7 -7 -7 -6 -5 -5 -5 -5 -5 -4 -4 -4 -4 -3 -3 -3 ------------ Run | Yrd Mat Min Mat Min Exi Min Mat Fac Gar Fac Gar Fac Low Low Fac Fac Ext Cet Arc Hub Fac Upp Upp War Pro Res Arm Used RIF Installer . | . . . . . . . . . . . . . . . . . . . . . . . . . . . . Robots Hacked . | . . . . . . . . . . . . . . . . . . . . . . . . . . . . Non-combat . | . . . . . . . . . . . . . . . . . . . . . . . . . . . . Combat . | . . . . . . . . . . . . . . . . . . . . . . . . . . . . Robot Hacks Applied . | . . . . . . . . . . . . . . . . . . . . . . . . . . . . Relay Couplers Released 4 | . . . . . . . . . . . . . . . 4 . . . . . . . . . . . . Programmers 4 | . . . . . . . . . . . . . . . 4 . . . . . . . . . . . . Fabnet Peak Effective % . | . . . . . . . . . . . . . . . . . . . . . . . . . . . . Robots Rewired 13 | . . . . . . . . . . . . . . . . . 13 . . . . . . . . . . Allies Hacked . | . . . . . . . . . . . . . . . . . . . . . . . . . . . . Hacks Repelled . | . . . . . . . . . . . . . . . . . . . . . . . . . . . . Allies | -11 -10 -10 -9 -9 -9 -8 -8 -7 -7 -7 -7 -7 -7 -7 -6 -5 -5 -5 -5 -5 -4 -4 -4 -4 -3 -3 -3 -------- Run | Yrd Mat Min Mat Min Exi Min Mat Fac Gar Fac Gar Fac Low Low Fac Fac Ext Cet Arc Hub Fac Upp Upp War Pro Res Arm Total Allies 41 | . . . . 2 . . . . . . . . . . 6 . 25 5 . . . . . . . 3 . Largest Group 11 | . . . . 2 . . . . . . . . . . 3 . 11 10 8 6 3 . . . . 3 . Highest-Rated Group 752 | . . . . 45 . . . . . . . . . . 87 . 358 752 606 424 209 . . . . 138 . Highest-Rated Ally 159 | . . . . 31 . . . . . . . . . . 29 . 159 159 143 96 96 . . . . 46 . Warlord Squad Rendezvous 2 | . . . . . . . . . . . . . . . 2 . . . . . . . . . . . . Dakka 1 | . . . . . . . . . . . . . . . 1 . . . . . . . . . . . . Chimera 1 | . . . . . . . . . . . . . . . 1 . . . . . . . . . . . . Total Orders 8 | . . . . . . . . . . . . . . . . . . . . . . . . . . 5 3 STAY 1 | . . . . . . . . . . . . . . . . . . . . . . . . . . 1 . EXPLORE 5 | . . . . . . . . . . . . . . . . . . . . . . . . . . 3 2 RETURN 2 | . . . . . . . . . . . . . . . . . . . . . . . . . . 1 1 Ally Attacks 369 | . . . . 1 . . . . . . . . . . 19 . 200 56 40 23 30 . . . . . . Total Damage 8418 | . . . . . . . . . . . . . . . 283 . 3565 1410 1267 956 937 . . . . . . Kills 55 | . . . . . . . . . . . . . . . 1 . 31 7 4 5 7 . . . . . . Allies Corrupted 1 | . . . . 1 . . . . . . . . . . . . . . . . . . . . . . . Allies Melted . | . . . . . . . . . . . . . . . . . . . . . . . . . . . . Intel | -11 -10 -10 -9 -9 -9 -8 -8 -7 -7 -7 -7 -7 -7 -7 -6 -5 -5 -5 -5 -5 -4 -4 -4 -4 -3 -3 -3 ------- Run | Yrd Mat Min Mat Min Exi Min Mat Fac Gar Fac Gar Fac Low Low Fac Fac Ext Cet Arc Hub Fac Upp Upp War Pro Res Arm Robot Analysis Total . | . . . . . . . . . . . . . . . . . . . . . . . . . . . . Derelict Logs Recovered 4 | . . . . 1 . . . . . . . . 1 1 . . . . . . . 1 . . . . . Drone Launches 8 | . . . . . . . . . . . . . . . . . . . . . . . . . . 5 3 Drone Recoveries 5 | . . . . . . . . . . . . . . . . . . . . . . . . . . 4 1 Decoded 0b10 Intel 22 | . . . . . . . . . . . . . . . . . . . . . . . . . . 22 . Traps 9 | . . . . . . . . . . . . . . . . . . . . . . . . . . 9 . Emergency Access 12 | . . . . . . . . . . . . . . . . . . . . . . . . . . 12 . Exits 1 | . . . . . . . . . . . . . . . . . . . . . . . . . . 1 . Exploration | -11 -10 -10 -9 -9 -9 -8 -8 -7 -7 -7 -7 -7 -7 -7 -6 -5 -5 -5 -5 -5 -4 -4 -4 -4 -3 -3 -3 ------------- Run | Yrd Mat Min Mat Min Exi Min Mat Fac Gar Fac Gar Fac Low Low Fac Fac Ext Cet Arc Hub Fac Upp Upp War Pro Res Arm Turns Passed 34165 | 57 472 270 664 666 752 239 3101 234 2307 6012 1845 205 573 144 4979 938 1390 698 197 361 1804 921 692 1711 1326 1149 458 Spaces Moved 13823 | 56 343 183 394 392 370 86 1315 98 921 2360 752 84 312 104 1635 404 700 223 74 143 655 369 276 614 341 378 241 Core 189 | 56 72 . 1 . . . . . . . . . . . . . . . . . . . . . . 27 33 Treads 3991 | . . . . . . . . . . 1 . . 19 . 792 . . 223 74 143 655 369 276 614 341 351 133 Legs . | . . . . . . . . . . . . . . . . . . . . . . . . . . . . Wheels 9568 | . 271 183 393 392 370 86 1315 98 921 2359 752 84 293 104 843 404 700 . . . . . . . . . . Hover . | . . . . . . . . . . . . . . . . . . . . . . . . . . . . Flight 75 | . . . . . . . . . . . . . . . . . . . . . . . . . . . 75 Fastest Speed 40 | 50 50 120 105 120 105 220 165 220 205 115 220 220 115 130 130 160 160 240 240 240 160 240 240 240 340 50 40 Average Speed 203 | 50 110 120 121 138 196 259 187 220 219 219 220 229 133 130 214 160 160 242 240 240 238 240 240 245 340 250 99 Slowest Speed 850 | 50 120 120 850 150 345 360 220 220 220 800 235 235 225 130 235 160 160 255 240 240 240 240 240 400 340 340 145 Overloaded Moves . | . . . . . . . . . . . . . . . . . . . . . . . . . . . . Propulsion Burnouts . | . . . . . . . . . . . . . . . . . . . . . . . . . . . . Robots Hopped 4 | . . . . . . . . . . . . . . . . . . . . . . . . . . . 4 Cave-ins Triggered 1 | . . . 1 . . . . . . . . . . . . . . . . . . . . . . . . Exploration Rate (%) 41 | 3 49 31 26 69 70 15 74 4 68 55 80 3 44 6 26 10 84 77 76 13 12 50 53 80 58 20 16 Regions Visited 27 Branch Regions 15 Pre-discovered Areas 3 | . . . . 1 . . 1 . . . . . 1 . . . . . . . . . . . . . . Known Exits Taken 13 | . . 1 . . . . 1 1 . 1 . 1 . 1 1 . . . . . 1 1 1 1 1 1 . Unknown Exits Taken 12 | 1 1 . 1 1 1 1 . . . . . . 1 . . 1 1 1 1 1 . . . . . . . Scrap Searched 7 | . . 1 . 2 . . . . . . . . 1 . . . . . . . . 1 1 . 1 . . Spaces Dug 116 | . . . . . . . . . . 4 35 1 . . 9 12 48 . . . 5 2 . . . . . Terrain Destroyed 1047 | . . . . 2 . . 228 . 30 62 155 25 57 1 108 49 170 1 . 2 15 86 2 7 32 15 . Melee . | . . . . . . . . . . . . . . . . . . . . . . . . . . . . Projectile 121 | . . . . . . . . . . 11 7 1 1 1 22 25 5 1 . 2 15 5 2 1 7 15 . AOE 926 | . . . . 2 . . 228 . 30 51 148 24 56 . 86 24 165 . . . . 81 . 6 25 . . Terrain Rammed . | . . . . . . . . . . . . . . . . . . . . . . . . . . . . Walls Destroyed . | . . . . . . . . . . . . . . . . . . . . . . . . . . . . Machines Disabled . | . . . . . . . . . . . . . . . . . . . . . . . . . . . . Actions | -11 -10 -10 -9 -9 -9 -8 -8 -7 -7 -7 -7 -7 -7 -7 -6 -5 -5 -5 -5 -5 -4 -4 -4 -4 -3 -3 -3 --------- Run | Yrd Mat Min Mat Min Exi Min Mat Fac Gar Fac Gar Fac Low Low Fac Fac Ext Cet Arc Hub Fac Upp Upp War Pro Res Arm Total 18611 | 71 409 208 507 450 400 99 1814 116 1095 3027 868 94 445 110 2946 632 922 374 88 162 823 388 293 801 477 536 456 Wait 2942 | . 27 2 43 5 . . 314 2 25 469 14 . 82 . 1044 147 68 108 5 1 76 1 3 141 96 69 200 Move 13788 | 55 342 182 393 391 369 85 1314 98 918 2359 751 83 311 103 1634 403 699 222 73 142 654 368 275 613 340 377 234 Hop 3 | . . . . . . . . . . . . . . . . . . . . . . . . . . . 3 Pick Up 331 | 6 14 6 15 6 20 6 34 4 9 43 6 2 9 . 58 9 9 9 2 5 35 1 3 5 4 7 4 Fast Attach 113 | 2 4 . 4 1 3 1 7 1 4 17 4 . 9 2 14 6 6 4 . 2 2 . . 7 1 8 4 Attach 92 | . 2 3 6 5 . 2 7 2 4 2 5 2 1 . 12 5 3 3 1 . 4 1 1 2 6 10 3 Detach 52 | . . . 2 . 1 1 4 1 2 1 3 1 4 . 8 1 . 3 1 . . . . 4 . 13 2 Swap 196 | . 2 . . 3 . 1 25 4 32 28 14 2 4 2 29 6 8 4 . 2 3 7 2 10 4 4 . Drop 249 | 1 4 2 7 1 7 . 34 4 11 29 7 1 7 2 43 12 17 13 2 8 7 1 2 9 3 10 5 Fire 707 | 7 14 13 37 37 . 3 75 . 58 79 48 3 18 1 102 43 32 8 4 2 36 8 7 10 23 38 1 Melee . | . . . . . . . . . . . . . . . . . . . . . . . . . . . . Ram 1 | . . . . 1 . . . . . . . . . . . . . . . . . . . . . . . Kick . | . . . . . . . . . . . . . . . . . . . . . . . . . . . . Crush 7 | . . . . . . . . . . . . . . . 2 . . . . . 4 1 . . . . . Escape Stasis 50 | . . . . . . . . . 32 . 16 . . . . . . . . . 2 . . . . . . Rewire 80 | . . . . . . . . . . . . . . . . . 80 . . . . . . . . . . Trap . | . . . . . . . . . . . . . . . . . . . . . . . . . . . . Miscellaneous . | . . . . . . . . . . . . . . . . . . . . . . . . . . . . Route ------- -11/Scrapyard -10/Materials (discovered 2 exits: *Mat / *Min) -10/Mines (discovered 2 exits: *Mat x2) -9/Materials (discovered 2 exits: [*Min] / [*Sto]) -9/Mines (discovered 2 exits: *Mat / *Exi) -9/Exiles -8/Mines -8/Materials (discovered 2 exits: *Fac x2) -7/Factory -7/Garrison (discovered 3 exits: *Fac x3) -7/Factory (discovered 7 exits: *Fac x4 / *Low x2 / Gar) -7/Garrison (discovered 3 exits: *Fac x3) -7/Factory -7/Lower Caves -7/Lower Caves -6/Factory (discovered 6 exits: *Fac x4 / *Low x2) -5/Factory (discovered 2 exits: Upp / *Ext) -5/Extension (discovered 2 exits: *Fac / *Cet) -5/Cetus (discovered 2 exits: *Fac / *Arc) -5/Archives (discovered 2 exits: *Fac / *Hub) -5/Hub_04(d) -4/Factory (discovered 2 exits: *Upp x2) -4/Upper Caves -4/Upper Caves (discovered 2 exits: *Res / *War) -4/Warlord -3/Proximity Caves -3/Research -3/Armory History --------- Turn | Location | Event 4 | -11/Scrapyard | Discovered new exit (range 16) 58 | -11/Scrapyard | Entered Materials 268 | -10/Materials | Discovered new exit (range 13) 315 | -10/Materials | Build established: Mutant 496 | -10/Materials | Discovered new exit (range 16) 530 | -10/Materials | Entered Mines 557 | -10/Mines | Identified exit to Materials 611 | -10/Mines | Found a hidden stash of uninstalled traps 633 | -10/Mines | Assembled infested the area 710 | -10/Mines | Lost 3 parts (1u2w) 800 | -10/Mines | Entered Materials 800 | -9/Materials | Evolved 2 slots: Utility x2 856 | -9/Materials | Discovered new exit (range 7) 986 | -9/Materials | Crushed by falling debris 1041 | -9/Materials | Lost 4 parts (1p2n1w) 1049 | -9/Materials | Core integrity fell below 50% 1422 | -9/Materials | Discovered new exit (range 16) 1464 | -9/Materials | Entered Mines 1483 | -9/Mines | Core integrity fell below 20% 1509 | -9/Mines | Lost 3 parts (1p1u1w) 1768 | -9/Mines | Destroyed 7 combat bots 1809 | -9/Mines | Learned location of Zion (-7) 1982 | -9/Mines | A weapon hastily lodged in a ceiling crevice suddenly fell to the ground 2091 | -9/Mines | Discovered new exit (range 9) 2123 | -9/Mines | Deemed a non-threat by the Exiles lab entrance 2124 | -9/Mines | Discovered new exit (range 5) 2130 | -9/Mines | Entered Exiles 2154 | -9/Exiles | Discovered new exit (range 15) 2166 | -9/Exiles | Met 8R-AWN 2189 | -9/Exiles | Met EX-HEX 2233 | -9/Exiles | Met EX-BIN 2256 | -9/Exiles | Aligned with FarCom system 2257 | -9/Exiles | Given EX-Vault access code 2293 | -9/Exiles | Opened EX-Vault 2301 | -9/Exiles | Found YOLO Cannon 2331 | -9/Exiles | Warned to stay clear of 0b10 Research branches 2382 | -9/Exiles | Met EX-DEC 2845 | -9/Exiles | Build established: Hauler-Mutant 2882 | -9/Exiles | Left Exiles lab with YOLO Cannon 2882 | -9/Exiles | Entered Mines 3033 | -8/Mines | Discovered new exit (range 7) 3121 | -8/Mines | Entered Materials 3121 | -8/Materials | Evolved 2 slots: Propulsion x1, Utility x1 3664 | -8/Materials | Discovered new exit (range 15) 3797 | -8/Materials | Identified exit to Factory 4573 | -8/Materials | Discovered exit to Factory (range 15) 5921 | -8/Materials | First assault squad dispatched 6222 | -8/Materials | Entered Factory 6222 | -7/Factory | Evolved 2 slots: Utility x2 6456 | -7/Factory | Identified exit to Garrison 6456 | -7/Factory | Entered Garrison 6854 | -7/Garrison | Triggered checkpoint 7070 | -7/Garrison | Triggered checkpoint 7070 | -7/Garrison | Triggered checkpoint 7156 | -7/Garrison | Triggered checkpoint 7387 | -7/Garrison | Discovered new exit (range 8) 7428 | -7/Garrison | Spotted B-75 Beast 7472 | -7/Garrison | Destroyed B-75 Beast 8155 | -7/Garrison | Discovered new exit (range 13) 8203 | -7/Garrison | Learned Factory security intel 8331 | -7/Garrison | Attempted to access garrison exit controls, blocked by remote lockdown 8526 | -7/Garrison | Attempted to access garrison exit controls, blocked by remote lockdown 8743 | -7/Garrison | Discovered new exit (range 10) 8763 | -7/Garrison | Entered Factory 9938 | -7/Factory | Garrison activated, responded to threat 10040 | -7/Factory | Discovered new exit (range 9) 10659 | -7/Factory | Repaired Broken Antimatter Reactor 10746 | -7/Factory | Repaired Broken Imp. Heavy Treads 10914 | -7/Factory | Identified exit to Factory 13651 | -7/Factory | Discovered new exit (range 8) 14450 | -7/Factory | Identified exit to Lower Caves 14760 | -7/Factory | Identified exit to Garrison 14775 | -7/Factory | Entered Garrison 14800 | -7/Garrison | Triggered checkpoint 15136 | -7/Garrison | Triggered checkpoint 15143 | -7/Garrison | Triggered checkpoint 15152 | -7/Garrison | Triggered checkpoint 15161 | -7/Garrison | Core integrity fell below 50% 15201 | -7/Garrison | Destroyed 9 combat bots 15301 | -7/Garrison | Discovered new exit (range 9) 15481 | -7/Garrison | Triggered checkpoint 15530 | -7/Garrison | Learned Factory security intel 15757 | -7/Garrison | Triggered checkpoint 15946 | -7/Garrison | Discovered new exit (range 13) 16204 | -7/Garrison | Discovered new exit (range 43) 16204 | -7/Garrison | Discovered new exit (range 49) 16204 | -7/Garrison | Discovered new exit (range 12) 16573 | -7/Garrison | Spotted B-75 Beast 16620 | -7/Garrison | Entered Factory 16786 | -7/Factory | Discovered exit to Lower Caves (range 10) 16825 | -7/Factory | Entered Lower Caves 16827 | -7/Lower Caves | Core integrity fell below 20% 16842 | -7/Lower Caves | System corruption reached 10% 16848 | -7/Lower Caves | Met a Warlord Commander 16849 | -7/Lower Caves | Learned location of Warlord (-4) 16850 | -7/Lower Caves | Warlord Commander delivered Encrypted Comm Array 16853 | -7/Lower Caves | Found Encrypted Comm Array 16872 | -7/Lower Caves | Lost 3 parts (2u1w) 17125 | -7/Lower Caves | Build established: Hacker-Mutant 17260 | -7/Lower Caves | Encountered a Warlord checkpoint 17314 | -7/Lower Caves | Discovered new exit (range 11) 17334 | -7/Lower Caves | Attracted the attention of an 0b10 checkpoint 17382 | -7/Lower Caves | Learned Factory garrison access intel 17398 | -7/Lower Caves | Entered another Lower Caves area 17419 | -7/Lower Caves | Discovered exit to Factory (range 10) 17542 | -7/Lower Caves | Entered Factory 17542 | -6/Factory | Evolved 2 slots: Propulsion x1, Utility x1 17543 | -6/Factory | Loaded intel: 4 garrison access locations 17654 | -6/Factory | Fabricated Humpback? 18304 | -6/Factory | Build established: Hauler-Mutant 18397 | -6/Factory | Discovered new exit (range 6) 18737 | -6/Factory | Joined by Warlord Dakka squad 18784 | -6/Factory | Identified exit to Lower Caves 19367 | -6/Factory | Identified exit to Factory 22269 | -6/Factory | Joined by Warlord Chimera squad 22521 | -6/Factory | Entered another Factory area 22521 | -5/Factory | Evolved 2 slots: Power x1, Utility x1 22522 | -5/Factory | Identified exit to Upper Caves 22719 | -5/Factory | Hacking Suite fried by hacking feedback 23019 | -5/Factory | Discovered new exit (range 9) 23459 | -5/Factory | Entered Extension 23554 | -5/Extension | Rescued a captive Derelict 23554 | -5/Extension | Rescued a captive Derelict 23588 | -5/Extension | Rescued a captive Derelict 23759 | -5/Extension | First assault squad dispatched 23792 | -5/Extension | Rescued a captive Derelict 23912 | -5/Extension | Rescued a captive Derelict 23913 | -5/Extension | Rescued a captive Derelict 24264 | -5/Extension | Spotted B-75 Beast 24264 | -5/Extension | Allies destroyed B-75 Beast 24276 | -5/Extension | Spotted B-75 Beast 24288 | -5/Extension | Allies destroyed B-75 Beast 24334 | -5/Extension | Disrupted transfer network 24359 | -5/Extension | Rescued a captive Derelict 24367 | -5/Extension | Rescued a captive Derelict 24404 | -5/Extension | Rescued a captive Derelict 24488 | -5/Extension | Lost 4 allies 24514 | -5/Extension | Rescued a captive Derelict 24516 | -5/Extension | Rescued a captive Derelict 24592 | -5/Extension | Lost 5 allies 24708 | -5/Extension | Rescued A7 24742 | -5/Extension | Lost 5 allies 24783 | -5/Extension | Discovered new exit (range 10) 24784 | -5/Extension | Discovered new exit (range 6) 24849 | -5/Extension | Entered Cetus 24849 | -5/Cetus | Accompanied by 7 allies (A7) 24854 | -5/Cetus | Acquired a Cetus Manufacturing Module code from A7 24894 | -5/Cetus | Spotted Cetus Guard 24894 | -5/Cetus | Spotted Cetus Guard 24896 | -5/Cetus | Spotted Cetus Guard 24896 | -5/Cetus | Spotted Cetus Guard 24899 | -5/Cetus | Allies destroyed Cetus Guard 24909 | -5/Cetus | Allies destroyed Cetus Guard 24913 | -5/Cetus | Destroyed Cetus Guard 24916 | -5/Cetus | Destroyed Cetus Guard 25108 | -5/Cetus | Escorted A7 to Cetus Mainframe 25136 | -5/Cetus | Started Cetus Manufacturing Module 25161 | -5/Cetus | Manufactured an Enhanced Grunt 25186 | -5/Cetus | Manufactured an Enhanced Grunt 25211 | -5/Cetus | Manufactured an Enhanced Grunt 25236 | -5/Cetus | Manufactured an Enhanced Grunt 25261 | -5/Cetus | Manufactured an Enhanced Grunt 25265 | -5/Cetus | Discovered new exit (range 15) 25306 | -5/Cetus | Spotted Cetus Guard 25306 | -5/Cetus | Spotted Cetus Guard 25310 | -5/Cetus | Spotted Cetus Guard 25310 | -5/Cetus | Destroyed Cetus Guard 25311 | -5/Cetus | Allies destroyed Cetus Guard 25314 | -5/Cetus | Spotted Cetus Guard 25317 | -5/Cetus | Allies destroyed Cetus Guard 25321 | -5/Cetus | Allies destroyed Cetus Guard 25341 | -5/Cetus | Discovered new exit (range 15) 25353 | -5/Cetus | Met Revision 17 25547 | -5/Cetus | Entered Archives 25547 | -5/Archives | Accompanied by 8 allies (A7) 25552 | -5/Archives | Received a hacking code to weaken MAIN.C 25608 | -5/Archives | Unable to access archive contents 25634 | -5/Archives | Discovered new exit (range 15) 25660 | -5/Archives | Discovered new exit (range 15) 25744 | -5/Archives | Entered Hub_04(d) 25744 | -5/Hub_04(d) | Accompanied by 6 allies 25884 | -5/Hub_04(d) | Discovered new exit (range 6) 26036 | -5/Hub_04(d) | Found Prototype Device 26036 | -5/Hub_04(d) | Identified Exp. Thermal Shield 26044 | -5/Hub_04(d) | First assault squad dispatched 26047 | -5/Hub_04(d) | Lost 3 allies 26060 | -5/Hub_04(d) | Found Exp. Thermal Shield 26105 | -5/Hub_04(d) | Entered Factory 26105 | -4/Factory | Accompanied by 3 allies 26105 | -4/Factory | Evolved 2 slots: Utility x2 26127 | -4/Factory | Discovered new exit (range 15) 26412 | -4/Factory | Build established: Scavenger-Mutant 26605 | -4/Factory | Found Quantum Capacitor 26759 | -4/Factory | Repaired Humpback 26764 | -4/Factory | Lost 4 parts (1n2u1w) 27603 | -4/Factory | Identified exit to Upper Caves 27656 | -4/Factory | Spotted B-86 Titan 27664 | -4/Factory | Destroyed B-86 Titan 27909 | -4/Factory | Entered Upper Caves 28235 | -4/Upper Caves | Learned 8 Research zone layouts 28484 | -4/Upper Caves | Spotted B-86 Titan 28489 | -4/Upper Caves | Destroyed B-86 Titan 28823 | -4/Upper Caves | Discovered new exit (range 3) 28828 | -4/Upper Caves | Identified exit to Upper Caves 28830 | -4/Upper Caves | Entered another Upper Caves area 28838 | -4/Upper Caves | Discovered new exit (range 5) 28845 | -4/Upper Caves | Identified exit to Research 29081 | -4/Upper Caves | Attracted the attention of an 0b10 checkpoint 29257 | -4/Upper Caves | Encountered a Warlord checkpoint 29434 | -4/Upper Caves | Discovered new exit (range 13) 29520 | -4/Upper Caves | Identified exit to Warlord 29522 | -4/Upper Caves | Entered Warlord 29606 | -4/Warlord | System corruption cleaned by Quarantine Array 30483 | -4/Warlord | Build established: Hauler-Mutant 30630 | -4/Warlord | Met Warlord 30655 | -4/Warlord | Warlord's base attacked by MAIN.C 30908 | -4/Warlord | Lost 3 allies 31005 | -4/Warlord | Warlord forces counterattacked 31020 | -4/Warlord | Spotted Executioner 31061 | -4/Warlord | Spotted Striker 31073 | -4/Warlord | Found Prototype Processor 31073 | -4/Warlord | Identified Exp. Core Analyzer 31077 | -4/Warlord | Found Exp. Core Analyzer 31123 | -4/Warlord | Lost 14 allies 31128 | -4/Warlord | Build established: Scavenger-Mutant 31156 | -4/Warlord | Spotted B-86 Titan 31157 | -4/Warlord | Spotted B-90 Cyclops 31160 | -4/Warlord | Spotted Striker 31174 | -4/Warlord | Destroyed B-90 Cyclops 31196 | -4/Warlord | Discovered new exit (range 14) 31198 | -4/Warlord | Lost 4 allies 31230 | -4/Warlord | Identified exit to Proximity Caves 31233 | -4/Warlord | Entered Proximity Caves 31236 | -3/Proximity Caves | Spotter reported a threat 31236 | -3/Proximity Caves | Spotter reported a threat 32172 | -3/Proximity Caves | Lost 5 parts (4u1w) 32532 | -3/Proximity Caves | Discovered exit to Research (range 9) 32559 | -3/Proximity Caves | Entered Research 32559 | -3/Research | Evolved 2 slots: Propulsion x1, Utility x1 32759 | -3/Research | Revision forces began assault on 0b10 32779 | -3/Research | Met up with Revision 17++ 33259 | -3/Research | Research terminal network offline 33510 | -3/Research | Identified exit to Armory 33550 | -3/Research | Spotted Executioner 33597 | -3/Research | Lost 4 allies 33640 | -3/Research | Spotted Striker 33647 | -3/Research | Spotted Striker 33649 | -3/Research | Spotted Striker 33664 | -3/Research | Destroyed Striker 33676 | -3/Research | Spotted Striker 33694 | -3/Research | Released all parts (16) 33708 | -3/Research | Entered Armory 33709 | -3/Armory | Lost 3 allies 33724 | -3/Armory | Lost 3 parts (1n2u) 33775 | -3/Armory | Found Prototype Processor 33775 | -3/Armory | Identified Spectral Analyzer 33779 | -3/Armory | Found Spectral Analyzer 33931 | -3/Armory | Build established: Mutant 34021 | -3/Armory | Found Quantum Capacitor 34159 | -3/Armory | Core integrity fell below 50% 34163 | -3/Armory | Core integrity fell below 20% 34166 | -3/Armory | Destroyed by X-77 Beamer with Gatling Laser Last Messages --------------- 34134_ Acquired Adv. Drone Bay. 34142_ Acquired 17 matter. 34145_ W-44 Eye sends out distress signal. 34145_ Penetrated by Slug. 34146_ Slug penetrates L-61 Swordsman. 34147_ ALERT: Security rotation in progress. 34148_ W-44 Eye sends out distress signal. 34149_ Slug penetrates Wall. 34149_ Penetrated by Slug. 34152_ Slug penetrates Wall. 34155_ Q-thruster destroyed. 34155_ Transfer Shaft disabled. 34157_ Penetrated by Slug. 34158_ Spectral Analyzer blown off. 34158_ E-15 Imp destroyed. 34161_ O-16 Technician: "IFF HANDSHAKE FAILED. SECURING TERMINAL." 34161_ Penetrated by Slug. 34163_ Triggered Alarm Trap. 34163_ An alarm sounds. 34163_ ALERT: Alarm triggered, dispatching investigation squad. Map ----- +----------------------------------------------------+ | | | | | | | ?????????????????????????????????????????????????? | | ?????????????????????????????????????????????????? | | ?????????????????????????????????????????????????? | | ?????????????????????????????????????????????????? | | ?????????????????????????????????????????????????? | | ?????????????????????????????????????????????????? | | ?????????????????????????????????????????????????? | | ?????????????????????????????????????????????????? | | ??????????????????????????????????????????##?????? | | ?????????????????????????????????????###### ###### | | ?????????????????????????????????????# | | ?????????????????????????????????????# "" * | | ?????????????????????????????????????# """ " | | ?????????????????????????????????????# "F " | | ?????????????????????????????????????# """ " | | ?????????????????????????????????????# """ [== | | ?????????????????????????????????????? """ === " | | ???????????????????????????????????????? == " | | ?????????????????????????????????????????? | | ???????????????????????????????????????????? | | ??????????????????????????????????????????####+### | | ??????????????????######+################## # | | ??????????????????# @ # | | ????????????????? + s x | | ??????????????????# ss g !% | | ??????????????????# x g g= # | | ??????????????????# ############ ##### # | | ??????????????????# ???????????# #???######## | | ??????????????????#w ????????????# #??????????? | | ??????????????????# ????????????#####??????????? | | ??????????????????# ????????????????????????????? | | ??????????????????# ?????????????????????????????? | | ??????????????????+ ?????????????????????????????? | | ??????????????????#??????????????????????????????? | | ?????????????????????????????????????????????????? | | ??????????????????????o??????????????????????????? | | ?????????????????????????????????????????????????? | | ?????????????????????????????????????????????????? | | ?????????????????????????????????????????????????? | | ?????????????????????????????????????????????????? | | ?????????????????????????????????????????????????? | | ?????????????????????????????????????????????????? | | ?????????????????????????????????????????????????? | | ?????????????????????????????????????????????????? | | ?????????????????????????????????????????????????? | | ?????????????????????????????????????????????????? | | ?????????????????????????????????????????????????? | +----------------------------------------------------+ Best States ------------- Heat Dissipation 105 Coolant Potential 65 Energy Generation 41 Energy Capacity 580 Matter Stores 375 Matter Capacity 450 Sight Range 24 Robot Scan Range 16 Terrain Scan Range 16 Terrain Scan Density 10 Additional Mass Support 9 Corruption Containment 12 Armor Coverage 1350 Resistance: KI 30 Resistance: TH 30 Resistance: EM 15 Utility Shielding 33 Weapon Cycling 15 Phase Shifting 15 Evasion (%) 62 Targeting Accuracy 10 Core Analysis 8 Recoil Reduction 5 Energy Filtering 30 Particle Charging 20 Salvage Targeting 1 Offensive Hacking 20 Authchip Count 1 Item Schematics ----------------- Cmb. Airjet | -9/Materials | Scanalyzed Arm. Wheel | -9/Materials | Scanalyzed Humpback | -8/Materials | Scanalyzed Arm. Huge Wheel | -8/Materials | Scanalyzed Hvy. Rocket Launcher | -8/Materials | Scanalyzed Launcher Guidance Computer | -8/Materials | Scanalyzed Hvy. Ion Engine | -8/Materials | Scanalyzed Antimatter Reactor | -7/Factory | Scanalyzed Micro-nuke Launcher | -7/Factory | Scanalyzed Imp. Heavy Treads | -7/Factory | Scanalyzed Robot Schematics ------------------ None Fabricated ------------ Humpback | x1 | -6/Factory Alien Tech Used ----------------- None Achievements -------------- Infiltrator Main Advantage Revolutionary Research Challenges ------------ None Game ------ Seed PulsePointyTerminator Manual? 0 Play Time 03:36:59 Cumulative 138.6 hours Start 2025.03.28 @ 14:19:32 End 2025.03.28 @ 20:50:06 Sessions 5 Manual Loads 0 Difficulty Rogue Special Mode None Game No. 147 Rogue 147 Adventurer 0 Explorer 0 Win Type - Total 2 Types 2/0/0/0/0/0/0/0/0 Lore% 54 Gallery% 65 Achievement% 57 Wizard Run 0 Options --------- Layout 0 ASCII 0 Keyboard 1 Movement Numpad Keybinds 0 Fullscreen 2 Font 18/X11Bold Map View 76x50 Zoom Use 0% Tactical HUD 1 Map Filters NONE Filters NONE Steam 1 RUN: 07792a04-8da1-4480-9e74-1e662ae245eb